 Dungeon Crawl Stone Soup version 0.31-a0-200-gbc41564c69 (webtiles) character file.

Game seed: 1918106657209121714

41 qw the Shooter (level 3, -1/20 HPs)
             Began as a Deep Elf Hunter on June 25, 2023.
             Slain by a goblin
             ... wielding a +0 dagger of distortion
              (18 damage)
             ... on level 2 of the Dungeon.
             The game lasted 00:00:19 (886 turns).

qw the Shooter (Deep Elf Hunter)                     Turns: 886, Time: 00:00:19

Health: -1/20      AC:  4    Str: 10    XL:     3   Next: 32%
Magic:  5/5        EV: 12    Int: 13    God:
Gold:   22         SH:  0    Dex: 18    Spells: 2/2 levels left

rFire   . . .        Y - +2 shortbow
rCold   . . .        (shield currently unavailable)
rNeg    . . .        c - +0 leather armour
rPois   .            (no helmet)
rElec   .            i - +0 cloak
rCorr   .            (no gloves)
SInv    .            (no boots)
Will    .....        (no amulet)
Stlth   ++           (no ring)
HPRegen 0.23/turn    (no ring)
MPRegen 0.09/turn

%: no passive effects
@: no status effects
A: no striking features
a: no special abilities


You were on level 2 of the Dungeon.
You visited 1 branch of the dungeon, and saw 2 of its levels.

You collected 22 gold pieces.


   Skills:
 - Level 1.5 Fighting
 + Level 6.9 Ranged Weapons
 - Level 2.4 Dodging
 - Level 1.2 Stealth


You had 2 spell levels left.
You didn't know any spells.
Your spell library was empty.

Inventory:

Hand Weapons
 Y - a +2 shortbow (weapon)
Armour
 c - a +0 leather armour (worn)
 i - a +0 cloak (worn)
Scrolls
 a - a scroll of teleportation
Potions
 g - a potion of lignification {unknown}

Dungeon Overview and Level Annotations

Branches:
Dungeon (2/15)

Altars:


Message History

A bat comes into view.
Enter note: You shoot an arrow.
The arrow misses the bat.
The bat misses you.
You shoot an arrow. The arrow hits the bat!
You kill the bat!
a - a scroll of teleportation
Enter note:
There is a stone staircase leading down here.
A goblin comes into view. It is wielding a +0 dagger.
Enter note: You shoot an arrow.
The arrow hits the goblin.
The goblin shouts!
The goblin is severely wounded.
You shoot an arrow. The arrow hits the goblin!
You kill the goblin!
Things that are here:
a +0 dagger; a +0 sling A worm comes into view.
Enter note: You shoot an arrow.
The arrow completely misses the worm.
You shoot an arrow. The arrow hits the worm!
The worm is heavily wounded.
You shoot an arrow. The arrow hits the worm.
The worm is severely wounded.
You shoot an arrow. The arrow barely misses the worm.
You shoot an arrow. The arrow hits the worm.
The worm is severely wounded.
You shoot an arrow. The arrow hits the worm!
You kill the worm!
A goblin comes into view.
It is wielding a +0 dagger of distortion.
Enter note: You shoot an arrow.
The arrow hits the goblin.
The goblin is moderately wounded.
You shoot an arrow. The arrow hits the goblin.
The goblin is heavily wounded.
The goblin hits you with a +0 dagger of distortion.
Space warps horribly around you!!
Ouch! That really hurt!
You die...

#..# .. #..# .#
#..# .# #..# .#
#..# .# #..##.#
#......#...#
#####.###.######.#
#.# ##.@.....# #.#
##g.##### ## .#.#
.# ..# .# .#.# .#
..... ## ## ...
...


You could see a goblin.

Vanquished Creatures
  A worm (D:2)
  A dart slug (D:1)
  5 endoplasms
  A giant cockroach (D:1)
  2 hobgoblins (D:1)
  2 quokkas (D:1)
  A ball python (D:2)
  3 bats (D:2)
  4 frilled lizards
  8 goblins
  3 kobolds
  A rat (D:2)
32 creatures vanquished.

Notes
Turn   | Place    | Note
-------+----------+-------------------------------------------
     0 | D:1      | qw the Deep Elf Hunter began the quest for the Orb.
     0 | D:1      | Reached XP level 1. HP: 12/12 MP: 3/3
     0 | D:1      | 0 ||| qw: Version: 0.3-a-22-g0ed2b0b
     0 | D:1      | 0 ||| qw: Game counter: 5545
     0 | D:1      | 0 ||| qw: Melee chars always use a shield: true
     0 | D:1      | 0 ||| qw: God list: Okawaru
     0 | D:1      | 0 ||| qw: Allow faded altars: false
     0 | D:1      | 0 ||| qw: Do Orc after clearing Dungeon:15 true
     0 | D:1      | 0 ||| qw: Do second Lair branch before Depths: true
     0 | D:1      | 0 ||| qw: Lair rune preference: random
     0 | D:1      | 0 ||| qw: Goals: Normal
     0 | D:1      | 0 ||| PLANNING D:1-11
    79 | D:1      | Reached XP level 2. HP: 16/16 MP: 4/4
    86 | D:1      | Reached skill level 6 in Ranged Weapons
   658 | D:1      | 658 ||| UPGRADING to +0 cloak.
   663 | D:1      | 663 ||| READING scroll labelled TUDEKH CUIRPH.
   664 | D:1      | 664 ||| READING scroll labelled RENOKL JADDU.
   665 | D:1      | 665 ||| READING scroll labelled SIMOIQUWUI.
   669 | D:1      | 669 ||| READING scroll labelled RUXZE JEISIUW.
   670 | D:1      | 670 ||| READING scroll labelled DULAUF CIPRUD.
   671 | D:1      | 671 ||| DROPPING scroll of butterflies.
   708 | D:2      | Reached XP level 3. HP: 20/20 MP: 5/5
   808 | D:2      | 808 ||| READING scroll of enchant weapon.
   808 | D:2      | 808 ||| ENCHANTING +1 shortbow.
   886 | D:2      | Slain by a goblin

Levels and vault maps discovered:
D:1:      giann_forest_graveyard, layout_basic
D:2:      layout_loops_ring, grunt_ministairs_1, uniq_sigmund

Skill      XL: |  1  2 |
---------------+-------+-----
Ranged Weapons | 6 |  6.9
Fighting       | |  1.5
Dodging        | |  2.4
Stealth        | |  1.2

Action                     || total
---------------------------++-------
   Fire: Shortbow          ||    71
    Use: Scroll            ||     6
 Armour: Leather armour    ||     1
  Dodge: Dodged            ||     8

Table legend:
 A = Non-vault XP
 B = Vault XP
 C = Vault XP percentage of total XP
 D = Non-vault monster count
 E = Vault monster count
 F = Vault count percentage of total count
                 A         B        C        D         E       F
            +---------+---------+-------+---------+---------+-------
      Total |      59 |       0 |   0.0 |      32 |       0 |   0.0
            +---------+---------+-------+---------+---------+-------
        D:1 |      37 |       0 |   0.0 |      20 |       0 |   0.0
        D:2 |      22 |       0 |   0.0 |      12 |       0 |   0.0
            +---------+---------+-------+---------+---------+-------
